Map: Protocole central

Players

zidar

  • Race: Zerg Zerg
  • League: Silver
  • Spawn Location: 7:00

Tarma - Winner!

  • Race: Zerg Zerg
  • Spawn Location: 5:00

VOD

Have the link to the VOD?

Description

Time

  • Played on: Nov. 18, 2015, 3:13 p.m.
  • Length: 6:25
Show
View Real Time Build Order
Export as new Build Order

zidar Zerg 

Build Orders: Hatch First 

Get SALT Encoding   

  12  0:01  Drone  
  13  0:08  Drone  
  14  0:16  Overlord  
  14  0:21  Extractor  
  13  0:24  Drone  
  15  0:35  Drone  
  16  0:36  Drone  
  17  1:00  Drone  
  17  1:01  Hatchery  
  17  1:13  Spawning Pool  
  17  1:16  Drone  
  17  1:21  Extractor  
  16  1:37  Drone x2  
  18  1:53  Drone x2  
  18  1:54  Extractor  
  19  1:59  Overlord  
  19  2:01  Queen  
  21  2:20  Drone  
  21  2:21  Queen  
  24  2:43  Overlord x2  
  24  2:56  Roach Warren, Drone x2  
  25  3:05  Drone x2  
  27  3:09  Drone  
  28  3:20  Drone x3  
  28  3:23  Drone  
  32  3:29  Zergling x2  
  33  3:38  Drone x3  
  33  3:39  Drone  
  37  3:43  Overlord  
  37  3:57  Evolution Chamber  
  36  4:14  Roach  
  36  4:15  Roach x7  
  52  4:23  Overlord  
  28  5:05  Queen  
  30  5:09  Roach  
  30  5:10  Roach x9  
  50  5:26  Roach x3  
  56  5:46  Roach  
  56  5:47  Roach  
  60  5:52  Overlord  
Show
View Real Time Build Order
Export as new Build Order

Tarma Zerg - Winner!

Build Orders: Hatch First 

Get SALT Encoding   

  12  0:03  Drone  
  13  0:14  Overlord  
  13  0:17  Drone  
  14  0:43  Hatchery  
  14  0:46  Drone  
  14  0:50  Drone  
  15  1:07  Spawning Pool  
  14  1:11  Extractor  
  14  1:14  Drone  
  14  1:16  Drone  
  15  1:20  Drone  
  16  1:30  Overlord  
  16  1:39  Drone  
  17  1:53  Queen  
  19  1:56  Queen  
  19  2:00  Zergling x2  
  22  2:03  Zergling x2  
  22  2:07  Zergling x2  
  24  2:15  Metabolic Boost  
  24  2:19  Drone  
  26  2:22  Drone  
  26  2:37  Zergling x6  
  26  2:38  Zergling x2  
  26  2:43  Overlord  
  30  2:52  Drone  
  31  3:08  Drone x4  
  35  3:14  Drone  
  35  3:15  Roach Warren  
  35  3:16  Drone  
  36  3:31  Spine Crawler  
  35  3:37  Evolution Chamber  
  35  3:39  Evolution Chamber  
  33  3:41  Zergling x2  
  33  3:42  Zergling x6  
  33  3:48  Drone x2  
  38  3:49  Drone  
  40  3:56  Overlord  
  40  4:05  Drone x4  
  44  4:14  Spine Crawler  
  43  4:17  Zerg Ground Armor Level 1  
  43  4:24  Lair  
  43  4:26  Drone  
  43  4:28  Drone  
  45  4:40  Roach  
  45  4:41  Roach x2  
  42  5:06  Roach  
  44  5:09  Zergling x14  
  44  5:13  Extractor  
  50  5:18  Extractor, Drone x2  
  51  5:25  Hatchery  
  51  5:26  Drone  
  51  5:35  Overlord x3  
  51  5:54  Roach x2  
  51  5:56  Zergling x2  
  56  5:57  Zergling x10  
  56  5:58  Zergling x2  
Tags
 
Add a new tag
Caveats
  • Supply blocks, unpowered buildings, or Contaminate may cause inaccurate times.
  • Supply counts are checked every 10 seconds.